 Dungeon Crawl Stone Soup version 0.29-a0-451-gfbfa42419e (webtiles) character file.

Game seed: 15257675542778862703

2124 acebull12 the Grappler (level 9, -7/127 HPs)
             Began as a Troll Berserker on May 19, 2022.
             Was a Priest of Trog.
             Mangled by a hornet (15 damage)
             ... while paralysed by a hornet
             ... on level 6 of the Dungeon.
             The game lasted 00:17:50 (4633 turns).

acebull12 the Grappler (Troll Berserker)            Turns: 4633, Time: 00:17:52

Health: -7/127     AC:  4    Str: 31    XL:     9   Next: 8%
Magic:  8/8        EV:  1    Int:  3    God:    Trog [***...]
Gold:   438        SH:  0    Dex: 15    Spells: 8/8 levels left

rFire   . . .      SeeInvis .     - Unarmed
rCold   . . .      Faith    .   (no shield)
rNeg    + + .      Spirit   .   b - +0 animal skin
rPois   .          Reflect  .   (helmet restricted)
rElec   .          Harm     .   (no cloak)
rCorr   .          Rampage  .   (gloves unavailable)
Will    +....                   (boots unavailable)
Stlth   ..........              (no amulet)
HPRegen 1.11/turn               w - ring "Wiffeano" {rN++ Will+}
MPRegen 0.11/turn               c - +6 ring of dexterity

@: paralysed, berserking, lethally poisoned (-7 -> -21), slowed
A: large, unfitting armour, claws 3, regeneration 1, shaggy fur 1, tough skin 1
a: Renounce Religion, Berserk, Trog's Hand


You were on level 6 of the Dungeon.
You worshipped Trog.
Trog was most pleased with you.
You visited 1 branch of the dungeon, and saw 6 of its levels.

You collected 438 gold pieces.

Inventory:

Hand Weapons
 a - a +1 mace
 n - a +5 great sword
Missiles
 f - 216 stones (quivered)
Armour
 b - a +0 animal skin (worn)
Jewellery
 c - a +6 ring of dexterity (right claw)
 g - a ring of protection from fire
 p - a ring of resist corrosion
 w - the ring "Wiffeano" (left claw) {rN++ Will+}
   (You found it on level 4 of the Dungeon)

   [ring of willpower]

   rN:        It greatly protects you from negative energy.
   Will:      It increases your willpower.
 x - a ring of ice
 y - a ring of fire
Scrolls
 e - a scroll of fear
 j - 5 scrolls of teleportation
 m - a scroll of noise
 q - 2 scrolls of magic mapping {unknown}
 r - a scroll of immolation {unknown}
 t - 2 scrolls of silence {unknown}
 u - a scroll of torment {unknown}
 A - a scroll of enchant armour {unknown}
 B - a scroll of poison {unknown}
Potions
 d - a potion of might {unknown}
 i - 5 potions of curing
 k - 2 potions of lignification {unknown}
 l - a potion of ambrosia {unknown}
 o - a potion of mutation {unknown}
 s - 2 potions of flight {unknown}
 v - a potion of attraction {unknown}
 z - 2 potions of berserk rage
 C - a potion of resistance {unknown}


   Skills:
 * Level 4.6 Fighting
 * Level 0.7 Long Blades
 - Level 2.7 Maces & Flails
 * Level 5.2 Dodging
 + Level 1.1 Stealth
 * Level 9.1 Unarmed Combat


You had 8 spell levels left.
You didn't know any spells.
Your spell library was empty.

Dungeon Overview and Level Annotations

Branches:
Dungeon (6/15)             Temple (0/1) D:4

Altars:
Dithmenos
Gozag
Wu Jian
Xom

Shops:
D:4 ?


Innate Abilities, Weirdness & Mutations

You are too large for most types of armour.
You have claws for hands.
Your natural rate of healing is unusually fast.
You are covered in fur. (AC +1)
You have tough skin. (AC +1)


Message History

You feel as though you will be slow longer.
Unknown command.
You feel much better.
You feel very sick. The hornet misses you. The hornet stings you.
You feel as though you will be slow longer.
A red film seems to cover your vision as you go berserk!
You feel yourself moving faster!
You feel mighty!
You feel very sick. The hornet completely misses you.
The hornet closely misses you. The hornet barely misses you.
You are too injured to fight recklessly!
You are too injured to fight recklessly!
You are too injured to fight recklessly!
You are too injured to fight recklessly!
You barely miss the hornet.
You feel sick. The hornet barely misses you.
You scratch the hornet but do no damage.
You feel sick. The hornet stings you!
* * * LOW HITPOINT WARNING * * *
You feel as though you will be slow longer.
You scratch the hornet but do no damage.
You feel sick. The hornet barely misses you.
You claw the hornet!
The hornet is moderately wounded.
You feel sick. The hornet stings you.
* * * LOW HITPOINT WARNING * * *
You suddenly lose the ability to move!
The hornet stings you.
* * * LOW HITPOINT WARNING * * *
You feel as though you will be slow longer.
You feel sick. The hornet stings you!
* * * LOW HITPOINT WARNING * * *
You are more poisoned.
You feel as though you will be slow longer.
You feel very sick. The hornet stings you!
* * * LOW HITPOINT WARNING * * *
You are lethally poisoned!
You feel as though you will be slow longer.
The hornet stings you!
You die...

######......#
..).#.....###...## #..
..[<......##.....## #..#
....#.....#.......#...##
....#.....#.#._.#.#....#
#...........##.##......#
#.####.......###.......#
..# #.................#
.#####..........@y.....#
...........##..........#
######.....##....(.....#
# #.....##..........# ##
#.....#####.####### .###
####.## #.# ...### #..##
#.# ##...# ##..## #.#
####.# ##..###.#


You could see a hornet.

Vanquished Creatures
  Pikel (D:4)
  An ice beast (D:5)
  A black bear (D:6)
  3 ogres
  A sky beast (D:6)
  The ghost of Delerious the Shield-Bearer, an amateur DsFi (D:3)
  4 lemures (D:4)
  A phantom (D:4)
  2 bullfrogs (D:6)
  A necrophage (D:4)
  4 scorpions
  5 wights
  A howler monkey (D:5)
  A hound (D:4)
  An iguana (D:5)
  A howler monkey zombie (D:3)
  A howler monkey skeleton (D:3)
  11 adders
  3 worms
  A dart slug (D:4)
  8 orcs
  9 ball pythons
  5 bats (D:1)
  5 endoplasms
  2 giant cockroaches
  5 goblins
  7 hobgoblins
  3 jackals (D:4)
  7 kobolds
  3 quokkas
  3 frilled lizards
  3 rats
105 creatures vanquished.

Notes
Turn   | Place    | Note
-------+----------+-------------------------------------------
     0 | D:1      | acebull12 the Troll Berserker began the quest for the Orb.
     0 | D:1      | Reached XP level 1. HP: 22/22 MP: 0/0
   105 | D:1      | Reached XP level 2. HP: 29/29 MP: 1/1
   492 | D:1      | Reached ** piety under Trog
   515 | D:1      | Found a faded altar of an unknown god.
   971 | D:2      | Reached XP level 3. HP: 36/36 MP: 2/2
  1100 | D:2      | Reached skill level 1 in Unarmed Combat
  1745 | D:3      | Found a runed translucent gate.
  1745 | D:3      | Found a runed translucent gate.
  1745 | D:3      | Found a runed translucent gate.
  1883 | D:3      | Noticed Delerious's ghost (amateur DsFi)
  1896 | D:3      | Reached XP level 4. HP: 42/45 MP: 3/3
  2050 | D:3      | Reached skill level 2 in Unarmed Combat
  2347 | D:3      | Killed Delerious's ghost
  2348 | D:3      | Reached skill level 3 in Unarmed Combat
  2348 | D:3      | Reached XP level 5. HP: 21/53 MP: 4/4
  2538 | D:4      | Identified the ring "Wiffeano" {rN++ Will+}
  2611 | D:4      | Found a staircase to the Ecumenical Temple.
  2656 | D:4      | Noticed a lemure
  2676 | D:4      | Killed a lemure
  2683 | D:4      | Noticed a lemure
  2685 | D:4      | Noticed a lemure
  2718 | D:4      | Killed a lemure
  2728 | D:4      | Killed a lemure
  2765 | D:4      | Found Qumu's Magic Scroll Boutique.
  2796 | D:4      | Noticed a phantom
  2836 | D:4      | Killed a phantom
  2837 | D:4      | Reached skill level 4 in Unarmed Combat
  2837 | D:4      | Reached XP level 6. HP: 36/61 MP: 5/5
  3142 | D:4      | Noticed Pikel
  3197 | D:4      | Killed Pikel
  3198 | D:4      | Reached skill level 6 in Unarmed Combat
  3198 | D:4      | Reached XP level 7. HP: 39/68 MP: 6/6
  3493 | D:5      | Entered Level 5 of the Dungeon
  3650 | D:5      | Found an opulent altar of Gozag.
  3650 | D:5      | Found a shimmering altar of Xom.
  3684 | D:5      | Reached XP level 8. HP: 74/78 MP: 7/7
  3711 | D:5      | Reached skill level 7 in Unarmed Combat
  3955 | D:5      | Found an ornate altar of the Wu Jian Council.
  4008 | D:5      | Identified the +0 leather armour of Evolution {Slay+2}
  4273 | D:5      | Reached *** piety under Trog
  4329 | D:6      | Reached skill level 1 in Stealth
  4329 | D:6      | Reached skill level 8 in Unarmed Combat
  4338 | D:5      | Reached skill level 5 in Dodging
  4444 | D:6      | Reached XP level 9. HP: 65/85 MP: 8/8
  4488 | D:6      | Reached skill level 9 in Unarmed Combat
  4611 | D:6      | Found a shadowy altar of Dithmenos.
  4618 | D:6      | Paralysed by a hornet for 3 turns
  4622 | D:6      | Paralysed by a hornet for 3 turns
  4631 | D:6      | Paralysed by a hornet for 2 turns
  4633 | D:6      | Mangled by a hornet

Illustrated notes

Levels and vault maps discovered:
D:1:      nicolae_arrival_somewhat_less_tricky_arrival, layout_basic,
          basic_ecumenical_altar
D:2:      layout_loops_corners
D:3:      layout_basic, gammafunk_ghost_necromancy
D:4:      layout_basic, lemuel_temple_firewalk_a, serial_shops, shop_statue,
          kennysheep_dice, uniq_pikel
D:5:      layout_basic, chequers_temple_overflow_statue_of_worship
D:6:      layout_rooms, nicolae_dithmenos_through_a_glass_darkly,
          minmay_joined_circles

Skill      XL: |  1  2  3  4  5  6  7  8  9 |
---------------+----------------------------+-----
Unarmed Combat | 1 3 4 6 8 9 |  9.1
Fighting       | 3 4 |  4.6
Dodging        | 3 4 5 |  5.2
Stealth        | 1 |  1.1
Long Blades    | |  0.7
Maces & Flails | |  2.7

Action                   |  1- 3 |  4- 6 |  7- 9 || total
-------------------------+-------+-------+-------++-------
Melee: Unarmed           |   106 |   144 |    99 ||   349
       Punch             |     1 |     3 |     6 ||    10
Invok: Berserk           |       |       |     1 ||     1
  Use: Scroll            |       |       |     9 ||     9
       Potion            |       |       |     2 ||     2
 Stab: Sleeping          |       |       |     1 ||     1
Armor: Animal skin       |    35 |    28 |    11 ||    74
Dodge: Dodged            |    53 |    55 |    54 ||   162

Table legend: (Time is in decaauts)
 A = Elapsed time spent in this place.
 B = Non-inter-level travel time spent in this place.
 C = Inter-level travel time spent in this place.
 D = Time resting spent in this place.
 E = Time spent auto-exploring this place.
 F = Levels seen in this place.
 G = Mean time per level.
                   A        B        C        D        E       F      G
               +--------+--------+--------+--------+--------+-----+--------+
         Total |   4615 |   3987 |    628 |    263 |   2685 |   6 |  769.2 |
       Dungeon |   4615 |   3987 |    628 |    263 |   2685 |   6 |  769.2 |
               +--------+--------+--------+--------+--------+-----+--------+

Top non-repeatable levels by time:
     D:4: 1099 daAuts
     D:2: 1076 daAuts
     D:1: 799 daAuts
     D:5: 673 daAuts
     D:3: 651 daAuts
     D:6: 315 daAuts
